 Dungeon Crawl Stone Soup version 0.31-a0-188-g5e087ee2ca (webtiles) character file.

Game seed: 18286679938501706769

81 qw the Shooter (level 4, -2/25 HPs)
             Began as a Deep Elf Hunter on June 23, 2023.
             Slain by Robin
             ... wielding a +0 mace
              (4 damage)
             ... on level 2 of the Dungeon.
             The game lasted 00:00:28 (769 turns).

qw the Shooter (Deep Elf Hunter)                     Turns: 769, Time: 00:00:29

Health: -2/25      AC:  4    Str: 10    XL:     4   Next: 20%
Magic:  6/6        EV: 12    Int: 14    God:
Gold:   19         SH:  0    Dex: 18    Spells: 3/3 levels left

rFire   . . .        Y - +0 shortbow
rCold   . . .        (shield currently unavailable)
rNeg    . . .        c - +0 leather armour
rPois   .            k - +0 helmet
rElec   .            (no cloak)
rCorr   .            (no gloves)
SInv    .            (no boots)
Will    .....        i - amulet of regeneration
Stlth   ++           (no ring)
HPRegen 1.04/turn    (no ring)
MPRegen 0.10/turn

%: no passive effects
@: no status effects
A: no striking features
a: no special abilities


You were on level 2 of the Dungeon.
You visited 1 branch of the dungeon, and saw 2 of its levels.

You collected 19 gold pieces.


   Skills:
 - Level 1.5 Fighting
 + Level 7.6 Ranged Weapons
 - Level 2.4 Dodging
 - Level 1.2 Stealth


You had 3 spell levels left.
You didn't know any spells.
Your spell library was empty.

Inventory:

Hand Weapons
 Y - a +0 shortbow (weapon)
Armour
 c - a +0 leather armour (worn)
 k - a +0 helmet (worn)
Jewellery
 d - a +6 ring of dexterity
 i - an amulet of regeneration (around neck)
Scrolls
 a - a scroll of identify
Potions
 b - a potion of curing {unknown}
 e - a potion of enlightenment
 l - a potion of mutation

Dungeon Overview and Level Annotations

Branches:
Dungeon (2/15)

Altars:

Annotations:
D:2 Robin


Message History

The goblin hits you with a +0 club. The goblin hits you but does no damage.
You shoot an arrow. The arrow hits the goblin!
You kill the goblin!
Robin throws the goblin at you! The goblin closely misses you.
You shoot an arrow. The arrow closely misses the goblin.
The goblin closely misses you.
Robin roars a battlecry!
The goblins go into a battle-frenzy!
The goblin hits you with a +0 dagger.
You shoot an arrow. The arrow hits Robin.
Robin is moderately wounded.
The goblin hits you with a +0 dagger. Robin throws the goblin at you!
The goblin barely misses you.
You shoot an arrow.
The arrow hits Robin but does no damage.
Robin is lightly wounded.
The goblin barely misses you.
Robin says, "My goblins will feast on your bones."
Robin hits you with a +0 mace. The goblin hits you with a +0 club.
You shoot an arrow. The arrow hits Robin.
Robin is moderately wounded.
The goblin hits you with a +0 dagger. Robin misses you.
The goblin hits you with a +0 club.
You shoot an arrow.
The arrow hits Robin but does no damage.
Robin is moderately wounded.
The goblin hits you but does no damage. Robin throws the goblin at you!
The goblin misses you.
A hobgoblin comes into view.
You shoot an arrow.
The arrow hits Robin but does no damage.
Robin is moderately wounded.
The goblin barely misses you. The goblin hits you with a +0 dagger.
Robin hits you but does no damage. The goblin barely misses you.
You shoot an arrow.
The arrow hits Robin but does no damage.
Robin is moderately wounded.
The goblin hits you with a +0 dagger. The goblin closely misses you.
Robin hits you with a +0 mace.
You die...

.##...## ......#. g..
. .....#. g. #####.#
#...#. gg #.?....#
#..... #. #......#
#.#... #.# #.....#
#.##.. #.g##g....#
##.##..
##.g@g....#####..##.#
##..))g..>.##..%.....#
#..........##.....####
#..........#......#
#..........#......#
#.................#
#...........#.....#
##......>.###.....#
#........# ###..##


You could see Robin, a hobgoblin and 3 goblins.

Vanquished Creatures
  Jessica (D:2)
  An adder (D:2)
  2 dart slugs (D:1)
  6 bats (D:1)
  2 endoplasms (D:2)
  3 giant cockroaches
  2 hobgoblins
  4 jackals (D:1)
  A quokka (D:1)
  2 ball pythons
  3 frilled lizards
  8 goblins
  2 kobolds (D:1)
  3 rats (D:1)
40 creatures vanquished.

Notes
Turn   | Place    | Note
-------+----------+-------------------------------------------
     0 | D:1      | qw the Deep Elf Hunter began the quest for the Orb.
     0 | D:1      | Reached XP level 1. HP: 12/12 MP: 3/3
     0 | D:1      | 0 ||| qw: Version: 0.3-a-9-g12657ce
     0 | D:1      | 0 ||| qw: Game counter: 3218
     0 | D:1      | 0 ||| qw: Always use a shield: true
     0 | D:1      | 0 ||| qw: God list: Okawaru
     0 | D:1      | 0 ||| qw: Allow faded altars: false
     0 | D:1      | 0 ||| qw: Do Orc after D:15 true
     0 | D:1      | 0 ||| qw: Do second Lair branch before Depths: true
     0 | D:1      | 0 ||| qw: Lair rune preference: random
     0 | D:1      | 0 ||| qw: Plans: Normal
     0 | D:1      | 0 ||| PLANNING D:1-11
   182 | D:1      | Reached XP level 2. HP: 10/16 MP: 4/4
   183 | D:1      | Reached skill level 6 in Ranged Weapons
   213 | D:1      | Found a faded altar of an unknown god.
   374 | D:1      | Reached XP level 3. HP: 20/20 MP: 5/5
   596 | D:1      | 596 ||| UPGRADING to +0 helmet.
   601 | D:1      | 601 ||| UPGRADING to amulet of regeneration.
   606 | D:1      | 606 ||| READING 5 scrolls labelled UTIAFA LEIPHOA.
   607 | D:1      | 607 ||| READING 2 scrolls labelled WAISUI ZITA.
   608 | D:1      | 608 ||| READING scroll labelled WEOLETW ZONASM.
   611 | D:1      | 611 ||| READING scroll labelled VYAMINK JAUK.
   612 | D:1      | 612 ||| DRINKING 2 viscous blue potions.
   613 | D:1      | 613 ||| READING 4 scrolls of identify.
   613 | D:1      | 613 ||| IDENTIFYING bubbling inky potion
   614 | D:1      | 614 ||| READING 3 scrolls of identify.
   614 | D:1      | 614 ||| IDENTIFYING smoky amethyst potion
   615 | D:1      | 615 ||| READING 2 scrolls of identify.
   615 | D:1      | 615 ||| IDENTIFYING smoky brown potion
   616 | D:1      | 616 ||| DROPPING scroll of butterflies.
   617 | D:1      | 617 ||| DROPPING potion of attraction.
   618 | D:1      | 618 ||| DROPPING scroll of poison.
   619 | D:1      | 619 ||| DROPPING potion of brilliance.
   681 | D:2      | Noticed Jessica
   685 | D:2      | Killed Jessica
   686 | D:2      | Reached skill level 7 in Ranged Weapons
   706 | D:2      | Reached XP level 4. HP: 25/25 MP: 6/6
   752 | D:2      | Noticed Robin
   757 | D:2      | 757 ||| Stepping ~*~*~tactically~*~*~ (outnumbered).
   766 | D:2      | HP: 4/25 [goblin/+0 club[Robin] (3)]
   769 | D:2      | Slain by Robin

Levels and vault maps discovered:
D:1:      lemuel_arrival_cross, layout_basic,
          hellmonk_ecumenical_altar_arch_garden
D:2:      layout_rooms, uniq_jessica, uniq_robin

Skill      XL: |  1  2  3 |
---------------+----------+-----
Ranged Weapons | 6 7 |  7.6
Fighting       | |  1.5
Dodging        | |  2.4
Stealth        | |  1.2

Action                     |  1- 3 |  4- 6 || total
---------------------------+-------+-------++-------
   Fire: Shortbow          |    95 |    22 ||   117
    Use: Scroll            |     7 |       ||     7
         Potion            |     1 |       ||     1
 Armour: Leather armour    |     6 |     8 ||    14
  Dodge: Dodged            |    27 |    13 ||    40

Table legend:
 A = Non-vault XP
 B = Vault XP
 C = Vault XP percentage of total XP
 D = Non-vault monster count
 E = Vault monster count
 F = Vault count percentage of total count
                 A         B        C        D         E       F
            +---------+---------+-------+---------+---------+-------
      Total |      70 |      47 |  40.2 |      34 |       6 |  15.0
            +---------+---------+-------+---------+---------+-------
        D:1 |      45 |       0 |   0.0 |      27 |       0 |   0.0
        D:2 |      25 |      47 |  65.3 |       7 |       6 |  46.2
            +---------+---------+-------+---------+---------+-------
